Unix xNetHack Version 8.0.0 - last build Jan 14 2024 16:46:22 (be4d3c81716514284228e1a23197c27ddb32b841). Game began 2024-03-08 13:27:50, ended 2024-03-08 18:02:01. Catomat, neutral female human Wizard -------------- ------------ |............| |.0.......<| |............| |..........| |............| ###-..........| +~ |............| # |..........| # |.............# @ |..........| ### -.------------# o ---.----.--- # ## # ## ## # ### # # # # # ## #### # ## # # # --.-|----- ######################## ### |........| #------ # -.-|- ####|........| #|.....## |...| #.........| #.>...| #######...[| |........| |.....####0 |..<| ---------- ------ |...| ----- Catomat the Thaumaturge St:4 Dx:16 Co:16 In:18 Wi:13 Ch:8 Neutral S:7665 Dlvl:6 $:535 HP:0(35) Pw:48(82) AC:-2 Xp:8/1680 T:10186 Latest messages: The orc-captain hits you! You hit the orc-captain. You hit the orc-captain. The orc-captain swings his curved sword. The orc-captain lacerates you! The orc-captain swings his curved sword. The orc-captain hacks you! In what direction? You feel better. You gore the orc-captain. The orc-captain swings his curved sword. The orc-captain lacerates you! The orc-captain swings his curved sword. The orc-captain lacerates you! In what direction? You feel better. The orc-captain swings his curved sword. The orc-captain hits you! The orc-captain swings his curved sword. The orc-captain misses! In what direction? You feel better. The orc-captain swings his curved sword. The orc-captain misses! The orc-captain swings his curved sword. The orc-captain hacks you! In what direction? You feel better. The orc-captain swings his curved sword. The orc-captain gashes you! The orc-captain swings his curved sword. The orc-captain hacks you! You stab the orc-captain. The orc-captain swings his curved sword. The orc-captain hacks you! The orc-captain swings his curved sword. The orc-captain rends you! In what direction? The magical energy is released! The orc-captain looks better. The orc-captain swings his curved sword. The orc-captain hits you! The orc-captain swings his curved sword. The orc-captain rends you! You die... Do you want your possessions identified? [ynq] (y) Do you want to see your attributes? [ynq] (y) Do you want an account of creatures vanquished? [ynaq] (y) Do you want to see your conduct and achievements? [ynq] (y) Do you want to see the dungeon overview? [ynq] (y) Inventory: Inventory: 376/550 weight (19/52 slots) Coins $ - 535 gold pieces {5} Weapons I - 3 +0 daggers {30} d - a +0 silver dagger (weapon in hand) {11} E - 3 +0 elven daggers (at the ready) {30} Armor t - an uncursed +0 elven helm (being worn) {3} g - an uncursed +0 pair of leather gloves (being worn) {8} B - an uncursed +0 pair of mithril dwarvish boots (being worn) {24} W - a blessed +1 elven shield (being worn) {30} C - an uncursed +0 cloak of magic resistance (being worn) {8} M - a blessed +1 wooden elven ring mail (being worn) {53} Comestibles r - 2 uncursed tripe rations {20} n - an uncursed lizard corpse {10} Scrolls D - an uncursed scroll of earth {5} Wands L - a wand of cold (0:4) {7} m - a blessed wand of digging (0:7) {7} P - a wand of probing (0:5) {7} Tools T - an uncursed blindfold {2} l - an uncursed mirror {13} p - a +0 pick-axe {100} k - an uncursed skeleton key {3} Catomat the Wizard's attributes: Background: You were a Thaumaturge, a level 8 female human Wizard. You were neutral, on a mission for Thoth who was opposed by Ptah (lawful) and Anhur (chaotic). You were heterosexual. You were in the Dungeons of Doom, on level 6. You entered the dungeon 10186 turns ago. You had 1680 experience points, 880 more were needed to attain level 9. Your score was 7665 before end-of-game adjustments. Basics: You had 0 out of 35 hit points. You had 48 out of 82 energy points (spell power). Your armor class was -2. Your wallet contained 535 zorkmids. Autopickup was on for '$"?!=/' plus thrown. Final Characteristics: Your strength was 4 (peak:9, limit:18/100). Your dexterity was 16 (peak:17, limit:18). Your constitution was 16 (limit:18). Your intelligence was 18 (limit:18). Your wisdom was 13 (limit:18). Your charisma was 8 (limit:18). Final Status: You were not hungry. You were unencumbered. You were wielding a dagger. You were skilled in dagger. Final Attributes: You were piously aligned. You were magic-protected. You were sleep resistant. You were poison resistant. You were warded. You are dead. Miscellaneous: You never encountered a bones level. Total elapsed playing time was 4 hours, 34 minutes and 8 seconds. Major events: Turn 1: Catomat the neutral female human Wizard entered the dungeon 2144: attained the rank of Conjurer (level 3) 2197: entered the Gnomish Mines 3901: attained the rank of Thaumaturge (level 6) 7231: entered Sokoban 8020: completed 1st Sokoban level 8728: completed 2nd Sokoban level 9255: completed 3rd Sokoban level 10186: killed by an orc-captain Vanquished creatures: a small mimic 2 watchmen a winter wolf cub a lynx a scorpion a lizard a blue jelly a water nymph a raven 7 Woodland-elves a wood nymph a bugbear 11 Mordor orcs an orc shaman a rock piercer a yellow light 6 gnome leaders 3 gnomish wizards a black naga hatchling a gray ooze 2 elf zombies a straw golem 3 giant ants 2 little dogs 3 floating eyes a kitten 8 dwarves a kobold shaman a hill orc a rothe a werejackal 4 killer bees a hobbit 2 manes a hobgoblin a giant rat 2 cave spiders a brown mold 2 yellow molds a green mold 30 gnomes 3 geckos 7 jackals a fox 2 kobolds 5 goblins 12 grid bugs 4 bats 2 lichens 2 kobold zombies 5 newts 156 creatures vanquished. No species were genocided or became extinct. Voluntary challenges: You read items or engraved 25 times. You never genocided any monsters. You never polymorphed an object. You never changed form. You never touched an artifact. You used no wishes. You were celibate. You never generated conflict. You violated the special Sokoban rules once. Achievements: You entered a shop. You attained the rank of Conjurer. You entered the Gnomish Mines. You attained the rank of Thaumaturge. You entered a temple. You entered Sokoban. Dungeon overview: The Dungeons of Doom: levels 1 to 8 Level 1: Level 2: A general store, some fountains. Level 3: "lk-chest" A fountain. Level 4: A delicatessen. Stairs down to The Gnomish Mines. Level 5: Many fountains. Oracle of Delphi. Level 6: <- You were here. Stairs up to Sokoban, level 5. Final resting place for you, killed by an orc-captain. Level 7: A fountain. Level 8: The Gnomish Mines: levels 5 to 8 Level 5: Level 6: Level 7: "stash, MM in shop" Many shops, a temple, some fountains. Level 8: Sokoban: levels 5 up to 3 Level 3: Solved. Level 4: Solved. Level 5: Solved. Game over: __________ / \ / REST \ / IN \ / PEACE \ / \ | Catomat | | 535 Au | | killed by an | | orc-captain | | | | | | 2024 | *| * * * | * _________)/\\_//(\/(/\)/\//\/|_)_______ Goodbye Catomat the Wizard... You died in The Dungeons of Doom on dungeon level 6 with 7612 points, and 535 pieces of gold, after 10186 moves. You were level 8 with a maximum of 35 hit points when you died.